Map: Mech Depot LE

Players

Zergler

  • Race: Terran Terran
  • League: Platinum
  • Spawn Location: 1:00

Juxtapose - Winner!

  • Race: Protoss Protoss
  • League: Gold
  • Spawn Location: 7:00

VOD

https://youtu.be/P-F_bMR3VKw

Description

My opponent is a Platinum Zerg, but a Silver League Terran.

This was a fun match and I wasn't expecting Sensor Towers, but my Oracle opening still did alright.

In that first engagement I should have had my Void Rays focus down his Siege Tanks, but live and learn.

Time

  • Played on: Sept. 4, 2017, 12:57 p.m.
  • Length: 10:09
Show
View Real Time Build Order
Export as new Build Order

Zergler Terran 

Build Orders:  

Get SALT Encoding   

  12  0:00  SCV  
  13  0:13  SCV  
  14  0:17  Supply Depot  
  14  0:25  SCV  
  15  0:39  Barracks, SCV  
  16  0:45  Refinery  
  16  0:51  SCV  
  17  1:03  SCV  
  18  1:15  SCV  
  19  1:27  Orbital Command  
  19  1:36  Barracks Reactor  
  19  1:52  Command Center  
  19  1:57  SCV  
  20  2:09  SCV  
  20  2:14  Marine x2  
  23  2:38  Refinery  
  23  2:39  Barracks  
  23  2:45  Supply Depot  
  23  2:49  Barracks  
  23  3:03  Marine x2  
  23  3:04  SCV  
  26  3:11  Orbital Command  
  26  3:16  SCV  
  26  3:18  Engineering Bay  
  27  3:21  Marine x2  
  29  3:28  SCV  
  29  3:33  Barracks Tech Lab  
  30  3:36  Factory  
  30  3:39  Barracks Reactor, Marine x2  
  30  3:40  SCV  
  33  3:44  SCV  
  34  3:52  Supply Depot  
  34  3:59  SCV x2  
  36  4:07  Marine  
  36  4:09  Sensor Tower  
  37  4:10  Stimpack  
  37  4:15  Sensor Tower  
  37  4:17  SCV  
  37  4:18  SCV  
  39  4:28  Starport  
  39  4:29  Factory Reactor  
  39  4:30  SCV x2  
  41  4:40  Supply Depot  
  41  4:42  SCV x2  
  40  4:55  SCV  
  40  4:56  SCV  
  35  5:20  SCV x2  
  37  5:32  Missile Turret, SCV x2  
  39  5:39  Missile Turret  
  39  5:44  Marine x3, SCV x2  
  39  5:45  Marine x2  
  46  5:54  Missile Turret  
  46  5:55  Factory Tech Lab  
  46  5:59  Barracks  
  46  6:01  SCV x2, Barracks, Missile Turret  
  48  6:05  Marine x2  
  48  6:08  Terran Infantry Weapons Level 1  
  50  6:13  SCV x2  
  50  6:15  Medivac x2  
  56  6:32  Missile Turret  
  56  6:38  Missile Turret  
  56  6:40  SCV x2  
  58  6:53  Supply Depot, Missile Turret  
  58  6:54  Supply Depot  
  58  6:57  Missile Turret  
  58  7:00  Supply Depot  
  58  7:01  Supply Depot, Medivac x2  
  62  7:08  Siege Tank  
  62  7:12  Supply Depot  
  62  7:13  Marine x2  
  62  7:14  Marine  
  62  7:15  Marine, Supply Depot  
  68  7:17  Marine  
  68  7:20  Missile Turret  
  70  7:26  Armory  
  70  7:27  Barracks Reactor  
  70  7:28  Barracks Tech Lab  
  70  7:34  Liberator, SCV x2  
  70  7:35  Refinery  
  72  7:40  Missile Turret  
  72  7:41  Siege Tank  
  72  7:42  Refinery  
  75  7:56  Marine x3  
  75  7:57  Marine x2  
  83  8:04  Missile Turret  
  83  8:06  Terran Infantry Armor Level 1  
  83  8:33  Liberator x2  
  83  8:42  Marine  
  83  8:43  Marine x3  
  83  8:44  Marine  
  64  9:28  Siege Tank  
  64  9:29  Marine x5  
  72  9:34  Marauder  
  72  9:35  Marine x2  
  76  9:47  Marine x4  
  76  9:48  Marauder  
Show
View Real Time Build Order
Export as new Build Order

Juxtapose Protoss - Winner!

Build Orders: Oracle Opening 

Get SALT Encoding   

  12  0:01  Probe (Chrono Boost)  
  13  0:12  Probe (Chrono Boost)  
  14  0:22  Pylon  
  14  0:23  Probe (Chrono Boost)  
  15  0:35  Assimilator  
  15  0:40  Probe (Chrono Boost)  
  16  0:45  Gateway  
  16  0:53  Probe (Chrono Boost)  
  17  1:02  Pylon  
  18  1:04  Probe (Chrono Boost)  
  19  1:18  Probe (Chrono Boost)  
  19  1:23  Assimilator  
  19  1:29  Probe (Chrono Boost)  
  20  1:38  Cybernetics Core  
  20  1:39  Probe (Chrono Boost)  
  21  1:50  Probe (Chrono Boost)  
  21  1:53  Zealot  
  24  2:16  Warp Gate  
  24  2:21  Pylon  
  24  2:26  Pylon  
  24  2:32  Stargate  
  24  2:33  Sentry  
  26  2:41  Mothership Core (Chrono Boost)  
  28  2:53  Gateway  
  28  2:57  Pylon  
  28  2:58  Gateway  
  28  2:59  Probe (Chrono Boost)  
  29  3:12  Sentry  
  31  3:27  Oracle  
  34  3:41  Probe (Chrono Boost)  
  35  3:47  Nexus  
  35  3:50  Pylon  
  35  3:53  Pylon  
  35  4:22  Forge  
  35  4:25  Twilight Council  
  35  4:27  Robotics Facility  
  35  5:12  Adept x3  
  41  5:22  Pylon  
  41  5:27  Probe (Chrono Boost)  
  42  5:32  Probe (Chrono Boost)  
  43  5:36  Void Ray  
  43  5:37  Probe (Chrono Boost)  
  43  5:38  Protoss Ground Weapons Level 1  
  43  5:42  Probe (Chrono Boost)  
  49  5:48  Probe (Chrono Boost)  
  49  5:49  Observer  
  51  5:53  Probe (Chrono Boost)  
  52  6:06  Probe x2 (Chrono Boost)  
  52  6:09  Warp Prism  
  56  6:13  Assimilator  
  56  6:15  Assimilator  
  56  6:17  Probe x2 (Chrono Boost)  
  58  6:22  Resonating Glaives (Chrono Boost)  
  58  6:25  Void Ray  
  58  6:30  Sentry  
  58  6:32  Adept x2  
  66  6:35  Probe (Chrono Boost)  
  66  6:36  Probe (Chrono Boost)  
  70  7:04  Probe (Chrono Boost)  
  71  7:11  Probe (Chrono Boost)  
  71  7:15  Probe (Chrono Boost)  
  73  7:16  Void Ray  
  73  7:21  Probe (Chrono Boost)  
  78  7:23  Stalker  
  78  7:24  Stalker x2  
  78  7:25  Probe (Chrono Boost)  
  85  7:31  Immortal  
  85  7:32  Probe  
  85  7:34  Probe  
  91  7:44  Probe  
  91  7:46  Probe  
  93  7:52  Robotics Bay  
  93  7:56  Probe  
  93  7:57  Pylon  
  94  8:01  Pylon  
  94  8:06  Pylon  
  94  8:11  Pylon  
  94  8:15  Immortal, Void Ray  
  102  8:34  Nexus  
  102  8:35  Pylon  
  102  8:37  Pylon  
  102  8:43  Adept x2  
  102  8:44  Adept  
  103  9:14  Stalker  
  103  9:15  Zealot  
  89  9:17  Zealot  
  99  9:44  Adept x3  
Tags
 
Add a new tag
Caveats
  • Supply blocks, unpowered buildings, or Contaminate may cause inaccurate times.
  • Supply counts are checked every 10 seconds.